 Dungeon Crawl Stone Soup version 0.21.0 (webtiles) character file.

2566 Ghouzt the Cleaver (level 9, -3/78 HPs)
             Began as a Hill Orc Fighter on Jan 7, 2018.
             Was a Follower of Cheibriados.
             Slain by a two-headed ogre
             ... wielding a +0 giant club
              (5 damage)
             ... on level 8 of the Dungeon.
             The game lasted 00:48:57 (7189 turns).

Ghouzt the Cleaver (Hill Orc Fighter)               Turns: 7189, Time: 00:48:58

Health: -3/78      AC: 15    Str: 24    XL:     9   Next: 57%
Magic:  8/10       EV:  6    Int: 10    God:    Cheibriados [*.....]
Gold:   344        SH: 14    Dex: 12    Spells: 8/8 levels left

rFire    x . .     SeeInvis .   a - +0 war axe
rCold    + . .     Gourm    .   c - +0 shield
rNeg     . . .     Faith    .   n - +0 chain mail
rPois    .         Spirit   .   b - +0 helmet
rElec    .         Reflect  +   m - +0 cloak
rCorr    +         Harm     .   t - +0 pair of gloves
MR       .....                  g - +0 pair of boots
Stlth    ..........             W - +3 amulet of reflection
HPRegen  0.23/turn              o - ring of ice
MPRegen  0.12/turn              D - ring of resist corrosion

@: very slow
A: no striking features
a: Bend Time, Renounce Religion


You were on level 8 of the Dungeon.
You worshipped Cheibriados.
Cheibriados was aware of your devotion.
You were not hungry.

You visited 2 branches of the dungeon, and saw 9 of its levels.
You also visited: Sewer.

You collected 344 gold pieces.

Inventory:

Hand Weapons
 a - a +0 war axe (weapon)
 I - a +0 shortbow
 J - a +1 mace of holy wrath
 R - a +2 mace of protection
 S - a +3 quarterstaff of chaos
 V - a +0 shortbow
 Y - a +0 hand crossbow
Missiles
 u - 7 tomahawks (quivered)
 M - 13 poisoned needles
Armour
 b - a +0 helmet (worn)
 c - a +0 shield (worn)
 g - a +0 pair of boots (worn)
 j - a +2 helmet
 m - a +0 cloak (worn)
 n - a +0 chain mail (worn)
 r - a +2 robe
 s - a +1 scale mail of cold resistance
 t - a +0 pair of gloves (worn)
 T - a +0 shield
Jewellery
 h - a +2 ring of intelligence
 o - a ring of ice (left hand)
 D - a ring of resist corrosion (right hand)
 P - a +2 ring of protection {unknown}
 W - a +3 amulet of reflection (around neck)
Wands
 O - a wand of acid (13)
 X - a wand of random effects (19)
Scrolls
 e - 2 scrolls of random uselessness {unknown}
 i - 5 scrolls of identify {unknown}
 k - 3 scrolls of fear {unknown}
 l - a scroll of immolation {unknown}
 p - 4 scrolls of remove curse {unknown}
 v - 2 scrolls of enchant weapon {unknown}
 y - 4 scrolls of teleportation {unknown}
 B - 2 scrolls of amnesia {unknown}
 L - 2 scrolls of fog {unknown}
Potions
 d - 2 potions of might
 q - a potion of heal wounds
 x - 2 potions of agility
 z - 2 potions of flight {unknown}
 A - 2 potions of lignification
 C - 3 potions of magic {unknown}
 E - 3 potions of curing {unknown}
 F - 3 potions of brilliance {unknown}
 H - 2 potions of haste {unknown}
 K - a potion of ambrosia {unknown}
 N - a potion of resistance {unknown}
Books
 Q - a book of Callings

   Spells                             Type                      Level
   a - Summon Small Mammal            Summoning                    1
   b - Call Imp                       Summoning                    2
   c - Call Canine Familiar           Summoning                    3
   d - Summon Guardian Golem          Hexes/Summoning              3
   e - Summon Lightning Spire         Summoning/Air                4
   f - Summon Ice Beast               Ice/Summoning                4
Comestibles
 f - 8 rations


   Skills:
 + Level 6.7 Fighting
 + Level 10.9 Axes
 + Level 6.5 Armour
 + Level 7.7 Shields
 + Level 2.3 Invocations


You had 8 spell levels left.
You didn't know any spells.

Dungeon Overview and Level Annotations

Branches:
Dungeon (8/15)             Temple (1/1) D:5
   Lair: D:8-11

Altars:
Ashenzari
Cheibriados
Dithmenos
Elyvilon
Fedhas
Gozag
Hepliaklqana
Kikubaaqudgha
Makhleb
Nemelex Xobeh
Qazlal
Ru
Trog
Uskayaw
Vehumet
Wu Jian
Xom
Yredelemnul
Zin
The Shining One


Message History

You hit the two-headed ogre but do no damage.
The two-headed ogre is lightly wounded.
You slash the two-headed ogre!
The two-headed ogre is moderately wounded.
The two-headed ogre hits you with a giant club!!
The two-headed ogre hits you with a giant spiked club!!
* * * LOW HITPOINT WARNING * * *
You slash the two-headed ogre!
The two-headed ogre is heavily wounded.
You hit the quokka.
The quokka bites you but does no damage.
Your shield and chain mail prevent you from hitting the two-headed ogre.
The two-headed ogre is heavily wounded.
You hit the quokka.
You kill the quokka!
Cheibriados appreciates the change of pace.
The two-headed ogre hits you with a giant club!!
* * * LOW HITPOINT WARNING * * *
The two-headed ogre hits you with a giant spiked club.
You die...

.# ##.###
.....##
.......
.......
###.......
#........#
#.O# #.@#
#..# #..#
####..####
#........#
#.######.#
####
#...##...#
#...
######.###
#.## #
.##...#
#.#


You could see a two-headed ogre.

Vanquished Creatures
  A two-headed ogre (D:8)
  The ghost of ceb the Skirmisher, an amateur VSFi (D:3)
  Duvessa (D:7)
  A sky beast (D:7)
  An ice beast (D:5)
  2 phantoms (D:7)
  2 centaurs
  A bullfrog (D:8)
  Dowan (D:7)
  5 killer bees (D:7)
  A howler monkey (D:7)
  A crimson imp (D:4)
  2 hounds
  Crazy Yiuf (D:5)
  2 bullfrog skeletons
  2 orc priests
  2 centaur skeletons
  2 orc wizards (D:5)
  5 worker ants
  Terence (D:3)
  A hound zombie (D:7)
  11 adders
  2 river rats (Sewer)
  3 oozes
  An adder skeleton (D:5)
  A dart slug (D:5)
  4 worms
  6 leopard geckos
  26 orcs
  9 bats
  4 giant cockroaches
  7 goblins
  3 hobgoblins
  9 jackals
  7 quokkas
  5 ball pythons
  3 frilled lizards (D:2)
  15 kobolds
  A quokka skeleton (D:5)
  8 rats
161 creatures vanquished.

Notes
Turn   | Place    | Note
-------+----------+-------------------------------------------
     0 | D:1      | Ghouzt the Hill Orc Fighter began the quest for the Orb.
     0 | D:1      | Reached XP level 1. HP: 19/19 MP: 1/1
    99 | D:1      | Reached XP level 2. HP: 26/27 MP: 2/2
   297 | D:2      | Reached skill level 3 in Axes
   298 | D:2      | Reached XP level 3. HP: 32/33 MP: 3/3
   404 | D:2      | Found a radiant altar of Vehumet.
  1108 | D:1      | Reached XP level 4. HP: 40/40 MP: 4/4
  1672 | D:3      | Reached skill level 4 in Axes
  1899 | D:3      | Noticed Terence
  1912 | D:3      | Killed Terence
  2054 | D:3      | Reached XP level 5. HP: 47/47 MP: 5/5
  2133 | D:3      | Found a glowing drain.
  2173 | Sewer    | Entered a sewer
  2261 | Sewer    | Reached skill level 5 in Axes
  2559 | Sewer    | Reached XP level 6. HP: 53/53 MP: 6/6
  3156 | D:3      | Noticed ceb's ghost (amateur VSFi)
  3482 | D:4      | Reached skill level 6 in Axes
  3541 | D:4      | Found a blossoming altar of Fedhas.
  3551 | D:4      | Reached skill level 5 in Shields
  3551 | D:4      | Reached XP level 7. HP: 53/60 MP: 7/7
  4133 | D:3      | Killed ceb's ghost
  4133 | D:3      | Reached skill level 5 in Fighting
  4133 | D:3      | Reached skill level 7 in Axes
  4205 | D:5      | Entered Level 5 of the Dungeon
  4292 | D:5      | Reached skill level 5 in Armour
  4306 | D:5      | Reached skill level 8 in Axes
  4311 | D:5      | Reached XP level 8. HP: 57/68 MP: 8/8
  4371 | D:5      | Found a snail-covered altar of Cheibriados.
  4390 | D:5      | Became a worshipper of Cheibriados the Contemplative
  4745 | D:5      | Found a runed door.
  4749 | D:5      | Noticed Crazy Yiuf
  4759 | D:5      | Killed Crazy Yiuf
  4904 | D:5      | Found a staircase to the Ecumenical Temple.
  5104 | Temple   | Entered the Ecumenical Temple
  5653 | D:6      | Reached skill level 1 in Invocations
  5669 | D:6      | Found a basalt altar of Yredelemnul.
  5868 | D:7      | Reached skill level 9 in Axes
  6035 | D:7      | Noticed Duvessa
  6037 | D:7      | Noticed Dowan
  6048 | D:7      | Killed Duvessa
  6059 | D:7      | Killed Dowan
  6164 | D:7      | Found a stormy altar of Qazlal.
  6172 | D:7      | Reached * piety under Cheibriados
  6190 | D:7      | Reached skill level 10 in Axes
  6205 | D:7      | Reached XP level 9. HP: 58/75 MP: 5/10
  6890 | D:8      | Noticed a two-headed ogre
  6905 | D:8      | Killed a two-headed ogre
  7180 | D:8      | Noticed a two-headed ogre
  7189 | D:8      | HP: 2/78 [two-headed ogre/giant club (20)]
  7189 | D:8      | Slain by a two-headed ogre

Skill      XL: |  1  2  3  4  5  6  7  8  9 |
---------------+----------------------------+-----
Fighting       | 4 5 6 |  6.7
Axes           | 3 4 5 6 8 10 | 10.9
Shields        | 4 5 6 7 |  7.7
Armour         | 4 5 6 |  6.5
Invocations    | 1 2 |  2.3

Action                   |  1- 3 |  4- 6 |  7- 9 || total
-------------------------+-------+-------+-------++-------
Melee: War axe           |   125 |   269 |   318 ||   712
Invok: Bend Time         |       |       |     6 ||     6
  Use: Potion            |       |       |     3 ||     3
  Eat: Chunk             |     1 |     8 |     9 ||    18
       Ration            |       |       |     1 ||     1
Armor: Scale mail        |    42 |       |       ||    42
       Chain mail        |    45 |   193 |   158 ||   396
Dodge: Dodged            |    35 |    75 |    71 ||   181
Block: Shield            |    75 |   166 |   226 ||   467
